 Dungeon Crawl Stone Soup version 0.23-a0-164-g7711e572f3 (webtiles) character file.

1365 Jesh the Covert (level 8, -13/36 HPs)
             Began as a Spriggan Enchanter on Sept 10, 2018.
             Splashed by a kobold's acid (17 damage)
             ... on level 4 of the Dungeon.
             The game lasted 00:16:20 (6481 turns).

Jesh the Covert (Spriggan Enchanter)                Turns: 6481, Time: 00:16:25

Health: -13/36     AC:  3    Str:  5    XL:     8   Next: 38%
Magic:  11/17      EV: 18    Int: 24    God:
Gold:   196        SH:  0    Dex: 17    Spells: 6/18 levels left

rFire    . . .     SeeInvis +   t - +1 short sword (venom)
rCold    . . .     Gourm    .   (shield restricted)
rNeg     . . .     Faith    .   b - +1 robe
rPois    .         Spirit   .   (helmet restricted)
rElec    .         Reflect  .   r - +0 cloak
rCorr    .         Harm     .   (gloves unavailable)
MR       +....     Clarity  +   (boots unavailable)
Stlth    +++++.....             (no amulet)
HPRegen  0.12/turn              e - +5 ring of intelligence
MPRegen  0.15/turn              i - +3 ring of protection

@: corroded, very quick
A: very small, unfitting armour, see invisible, clarity, clever 1, herbivore,
speed 3, slow metabolism 2
a: no special abilities


You were on level 4 of the Dungeon.
You were not hungry.

You visited 1 branch of the dungeon, and saw 4 of its levels.

You collected 196 gold pieces.

Inventory:

Hand Weapons
 a - a +1 dagger
 c - a +0 short sword of venom
 t - a +1 short sword of venom (weapon)
Missiles
 o - a throwing net (quivered)
Armour
 b - a +1 robe (worn)
 r - a +0 cloak (worn)
Jewellery
 e - a +5 ring of intelligence (left hand)
 i - a +3 ring of protection (right hand)
 n - an uncursed ring of flight
Wands
 j - a wand of acid (3)
 k - a wand of paralysis (9)
 l - a wand of flame (20)
Scrolls
 h - 3 scrolls of teleportation
 p - a scroll of remove curse
 q - a scroll of immolation
 s - 2 scrolls of fear
Potions
 f - a potion of magic
 g - 2 potions of curing
 m - a potion of degeneration {unknown}
Comestibles
 d - 3 rations


   Skills:
 - Level 1.1 Short Blades
 - Level 3.0 Dodging
 + Level 13.2 Stealth
 - Level 5.6 Spellcasting
 - Level 6.2 Hexes


You had 6 spell levels left.
You knew the following spells:

 Your Spells              Type           Power        Failure   Level  Hunger
a - Ensorcelled Hibernat  Hex/Ice        ###...       3%          2    None
b - Corona                Hex            #####..      1%          1    None
c - Confuse               Hex            #####...     1%          3    #......
d - Tukima's Dance        Hex            #####...     1%          3    #......
e - Dazzling Spray        Conj/Hex       ###...       7%          3    #......

Your spell library contained the following spells:

 Spells                   Type           Power        Failure   Level  Hunger


Dungeon Overview and Level Annotations

Branches:
Dungeon (4/15)
 Temple: D:4-7

Altars:
Uskayaw

Annotations:
D:4 MeekVeins's ghost, novice KoHu


Innate Abilities, Weirdness & Mutations

You are very small and have problems with some larger weapons.
You are too small for most types of armour.
You have supernaturally acute eyesight. (SInv)
You are a herbivore.
You cover ground extremely quickly.
You need to consume almost no food.
You possess an exceptional clarity of mind.
Your mind is acute. (Int +2)


Message History

Confirm with . or Enter, or press ? or * to list all spells.
Aiming: Ensorcelled Hibernation (safe; 3% risk of failure)
Press: ? - help, Shift-Dir - straight line, f/p - big kobold
Aim: a big kobold, wielding a whip of pain (chance to defeat MR: 50%)
The big kobold resists with some effort.
The big kobold barely misses you.
Casting: Ensorcelled Hibernation (safe; 3% risk of failure)
Confirm with . or Enter, or press ? or * to list all spells.
Aiming: Ensorcelled Hibernation (safe; 3% risk of failure)
Press: ? - help, Shift-Dir - straight line, f/p - big kobold
Aim: a big kobold, wielding a whip of pain (chance to defeat MR: 50%)
The big kobold looks drowsy...
The helpless big kobold fails to defend itself.
You stick the big kobold like a pincushion!!!
You kill the big kobold!
Your Stealth skill increases to level 13!
The kobold zaps a wand.
The bolt of acid hits you!
* * * LOW HITPOINT WARNING * * *
The acid corrodes you!
You are splashed with acid!
The acid burns!
You die...

........(.##.(...<.##(# #######
###..........##.#.###.#####.....[
##......#####.#..KKK...........
###.....<........K##'K'##........
†...#####.#####..##.W...##.......
...............K.#≈K#K#.≈#.......
###......##..###K#⌠.#.#.⌠#.......
# #......#...###K#≈.#.#K≈#.......
# #......#.#..##@##..K..##.......
#........##.##.###./$##........
#####...###.##...######^.(.....
#.......###.##.......##........
###.#####........#####.##........
....# #.#(..>...# #.###.......
.#### #.#.#.###.## #.# ##..[..#
.# #...#..##..###.########.# .#
###.####.###........# #.#


You could see a big kobold and 3 kobolds.

Vanquished Creatures
  Sigmund (D:2)
  A sky beast (D:3)
  2 ogres
  A big kobold (D:4)
  A bullfrog (D:3)
  Blork the orc (D:4)
  Crazy Yiuf (D:4)
  2 gnoll shamans (D:3)
  Terence (D:2)
  An iguana (D:2)
  A worker ant (D:4)
  Robin (D:2)
  34 gnolls (D:3)
  7 adders
  3 oozes
  2 worms
  4 dart slugs
  3 leopard geckos
  8 orcs
  7 bats
  7 giant cockroaches
  11 goblins
  13 hobgoblins
  18 jackals
  7 kobolds
  4 quokkas
  A ball python (D:2)
  6 frilled lizards
  A jackal skeleton (D:4)
  24 rats
174 creatures vanquished.

Vanquished Creatures (collateral kills)
  A gnoll (D:3)
  A jackal (D:3)
2 creatures vanquished.

Vanquished Creatures (others)
  A kobold (D:4)
  3 fungi (D:4)
  A plant (D:4)
5 creatures vanquished.

Grand Total: 181 creatures vanquished

Notes
Turn   | Place    | Note
-------+----------+-------------------------------------------
     0 | D:1      | Jesh the Spriggan Enchanter began the quest for the Orb.
     0 | D:1      | Reached XP level 1. HP: 9/9 MP: 5/5
   291 | D:1      | Reached XP level 2. HP: 13/13 MP: 7/7
   295 | D:1      | Learned a level 2 spell: Ensorcelled Hibernation
  1001 | D:2      | Found a hide-covered altar of Uskayaw.
  1002 | D:2      | Noticed a dagger
  1003 | D:2      | Noticed a hand axe
  1015 | D:2      | Reached XP level 3. HP: 16/16 MP: 6/9
  1020 | D:2      | Learned a level 3 spell: Confuse
  1024 | D:2      | Learned a level 3 spell: Tukima's Dance
  1058 | D:2      | Noticed Terence
  1072 | D:2      | Killed Terence
  1258 | D:2      | Gained mutation: Your mind is acute. (Int +2) [potion of
                  | mutation]
  1258 | D:2      | Gained mutation: You possess an exceptional clarity of
                  | mind. [potion of mutation]
  1268 | D:2      | Reached XP level 4. HP: 12/21 MP: 1/11
  1575 | D:2      | Reached skill level 5 in Hexes
  1609 | D:2      | Noticed Robin
  1668 | D:2      | Noticed Sigmund
  1783 | D:2      | Killed Sigmund
  1783 | D:2      | Reached skill level 5 in Spellcasting
  1783 | D:2      | Reached XP level 5. HP: 16/24 MP: 10/14
  2262 | D:2      | Reached XP level 6. HP: 22/28 MP: 15/15
  2529 | D:2      | Killed Robin
  2529 | D:2      | Reached skill level 5 in Stealth
  3392 | D:2      | Reached skill level 6 in Stealth
  3583 | D:3      | Reached skill level 7 in Stealth
  4124 | D:3      | Noticed a sky beast
  4159 | D:3      | Killed a sky beast
  4159 | D:3      | Reached skill level 8 in Stealth
  4159 | D:3      | Reached XP level 7. HP: 29/32 MP: 8/16
  4476 | D:3      | Reached skill level 9 in Stealth
  4642 | D:3      | Learned a level 3 spell: Dazzling Spray
  5215 | D:3      | Reached skill level 10 in Stealth
  5222 | D:3      | Reached skill level 11 in Stealth
  5451 | D:3      | Reached XP level 8. HP: 27/36 MP: 13/17
  5887 | D:4      | Noticed Blork the orc
  5890 | D:4      | Killed Blork the orc
  5890 | D:4      | Reached skill level 12 in Stealth
  6076 | D:4      | Found a runed door.
  6080 | D:4      | Noticed Crazy Yiuf
  6100 | D:4      | Killed Crazy Yiuf
  6194 | D:4      | Found a runed gate.
  6199 | D:4      | Found a runed gate.
  6199 | D:4      | Found a runed gate.
  6200 | D:4      | Noticed MeekVeins's ghost (novice KoHu)
  6481 | D:4      | Reached skill level 13 in Stealth
  6481 | D:4      | Splashed by a kobold's acid

Vault maps used:
D:1:      tarquinn_simple_flora_water_e
D:2:      dancing_weapons_uskayaw, first_ration, uniq_robin, uniq_terence,
          uniq_sigmund
D:3:      lemuel_castle_with_subvaults, minmay_rat_hole
D:4:      gammafunk_ghost_nasty_kobolds, uniq_blork_the_orc,
          uniq_crazy_yiuf_cottage

Skill      XL: |  1  2  3  4  5  6  7  8 |
---------------+-------------------------+-----
Spellcasting   | 3 4 5 |  5.6
Hexes          | 4 6 |  6.2
Stealth        | 8 11 13 | 13.2
Short Blades   | |  1.1
Dodging        | |  3.0

Action                   |  1- 3 |  4- 6 |  7- 9 || total
-------------------------+-------+-------+-------++-------
Melee: Dagger            |    76 |       |       ||    76
       Short sword       |    13 |   255 |   147 ||   415
 Cast: Corona            |     3 |       |       ||     3
       Ensorcelled Hiber |    14 |    14 |    30 ||    58
       Confuse           |     1 |     4 |     6 ||    11
       Tukima's Dance    |       |     1 |       ||     1
       Dazzling Spray    |       |       |     3 ||     3
Evoke: Wand              |       |     2 |     3 ||     5
  Use: Scroll            |     7 |     4 |     2 ||    13
       Potion            |     1 |     1 |     4 ||     6
 Stab: Sleeping          |    11 |    21 |    32 ||    64
       Confused          |       |     3 |       ||     3
       Invisible         |       |       |     1 ||     1
  Eat: Ration            |       |     1 |     2 ||     3
Armor: Robe              |    11 |    39 |    13 ||    63
Dodge: Dodged            |    68 |   231 |   148 ||   447

Table legend:
 A = Non-vault XP
 B = Vault XP
 C = Vault XP percentage of total XP
 D = Non-vault monster count
 E = Vault monster count
 F = Vault count percentage of total count
                 A         B        C        D         E       F
            +---------+---------+-------+---------+---------+-------
      Total |     673 |    1278 |  65.5 |      88 |      88 |  50.0
            +---------+---------+-------+---------+---------+-------
        D:1 |      38 |       0 |   0.0 |      17 |       0 |   0.0
        D:2 |     146 |     305 |  67.6 |      37 |      14 |  27.5
        D:3 |     304 |     745 |  71.0 |      23 |      71 |  75.5
        D:4 |     185 |     228 |  55.2 |      11 |       3 |  21.4
            +---------+---------+-------+---------+---------+-------
